 Dungeon Crawl Stone Soup version 0.26.1-2-gb8aa6d0cf2 (webtiles) character file.

Game seed: 5513060827454760673

5408 Gadfly the Cudgeller (level 10, -9/61 HPs)
             Began as a Gargoyle Fighter on Feb 17, 2021.
             Was an Initiate of the Shining One.
             Splashed by Maurice's acid (13 damage)
             ... on level 9 of the Dungeon.
             The game lasted 00:10:11 (8756 turns).

Gadfly the Cudgeller (Gargoyle Fighter)             Turns: 8756, Time: 00:10:12

Health: -9/61      AC: 18    Str: 28    XL:     10   Next: 67%
Magic:  15/15      EV:  6    Int:  9    God:    the Shining One [......]
Gold:   553        SH: 11    Dex: 10    Spells: 7/9 levels left

rFire    . . .     SeeInvis .   b - +2 hand axe (elec)
rCold    . . .     Faith    .   c - +0 kite shield
rNeg     + . .     Spirit   .   m - +0 plate armour
rPois    ∞         Reflect  .   w - +1 helmet
rElec    +         Harm     .   (no cloak)
rCorr    .         Rampage  .   (no gloves)
Will     +....                  (no boots)
Stlth    ..........             (no amulet)
HPRegen  0.20/turn              t - +6 ring of strength
MPRegen  0.14/turn              g - ring of willpower

@: corroded, glowing
A: negative energy resistance 1, electricity resistance, unbreathing,
petrification resistance, miasma immunity, AC +7
a: Renounce Religion


You were on level 9 of the Dungeon.
You worshipped the Shining One.
The Shining One was noncommittal.
You visited 2 branches of the dungeon, and saw 10 of its levels.

You collected 553 gold pieces.

Inventory:

Hand Weapons
 a - a +1 spectral flail
 b - a +2 hand axe of electrocution (weapon)
 r - a +2 whip of freezing
 B - a +0 dagger of venom
Armour
 c - a +0 kite shield (worn)
 i - a +1 cloak
 m - a +0 plate armour (worn)
 w - a +1 helmet (worn)
 A - a scarf of harm
Jewellery
 g - a ring of willpower (right hand)
 l - an uncursed ring of willpower
 t - a +6 ring of strength (left hand)
Wands
 e - a wand of flame (27) (quivered)
 n - a wand of random effects (22)
 s - a wand of acid (10)
 x - a wand of iceblast (10)
Scrolls
 f - 6 scrolls of remove curse
 k - 9 scrolls of teleportation
 u - 2 scrolls of identify
 v - a scroll of enchant armour
 y - 2 scrolls of enchant weapon
 z - a scroll of fear
Potions
 d - 5 potions of might
 h - 3 potions of curing
 o - a potion of lignification
 p - 2 potions of flight
 q - 4 potions of heal wounds


   Skills:
 + Level 6.6 Fighting
 * Level 7.8 Maces & Flails
 + Level 6.6 Armour
 + Level 6.7 Shields
 + Level 7.0 Invocations
 * Level 6.9 Evocations


You had 7 spell levels left.
You knew the following spells:

 Your Spells              Type           Power        Failure   Level
a - Summon Small Mammal   Summ           0%           100%        1
b - Corona                Hex            0%           100%        1

Your spell library contained the following spells:

 Spells                   Type           Power        Failure   Level
 Animate Skeleton         Necr           0%           100%        1
 Apportation              Tloc           0%           100%        1
 Beastly Appendage        Tmut           0%           100%        1
 Pain                     Necr           0%           100%        1
 Sandblast                Erth           0%           100%        1
 Passwall                 Tmut/Erth      0%           100%        2
 Slow                     Hex            0%           100%        2
 Wereblood                Tmut           0%           100%        2
 Inner Flame              Hex/Fire       0%           100%        3
 Portal Projectile        Hex/Tloc       0%           100%        3
 Spider Form              Tmut/Pois      0%           100%        3
 Stone Arrow              Conj/Erth      0%           100%        3
 Vampiric Draining        Necr           0%           100%        3
 Animate Dead             Necr           0%           100%        4
 Cause Fear               Hex            0%           100%        4
 Ice Form                 Ice/Tmut       0%           100%        4
 Leda's Liquefaction      Hex/Erth       0%           100%        4
 Petrify                  Tmut/Erth      0%           100%        4
 Agony                    Necr           0%           100%        5
 Blade Hands              Tmut           0%           100%        5
 Lee's Rapid Deconstruct  Erth           0%           100%        5


Dungeon Overview and Level Annotations

Branches:
Dungeon (9/15)             Temple (1/1) D:7
   Lair: D:8-11         Orc: D:9-12

Altars:
Ashenzari
Cheibriados
Dithmenos
Elyvilon
Gozag
Hepliaklqana
Makhleb
Nemelex Xobeh
Okawaru
Qazlal
Ru
Sif Muna
Trog
Vehumet
Xom
Zin
The Shining One

Shops:
D:8 *

Annotations:
D:9 Maurice


Innate Abilities, Weirdness & Mutations

You are resistant to torment.
Your stone body is resilient. (AC +7)
You are immune to poison.
You resist negative energy. (rN+)
You are resistant to electric shocks. (rElec)
You can survive without breathing.
You are immune to petrification.
You are immune to miasma.


Message History

The bolt of acid hits you.
You are splashed with acid!
You miss something. Something hits you.
Something steals your uncursed ring of positive energy!
You completely miss something. Something hits you but does no damage.
You slash something! Something hits you but does no damage.
You barely miss something.
Something hits you but does no damage. x2
You barely miss something.
You hear a zap.
A bolt of acid appears from out of thin air!
The bolt of acid hits you! The acid corrodes you!
You are splashed with acid!
You hit something. Lightning courses through something!! You hit something.
Lightning courses through something! Something hits you but does no damage.
You miss something.
You hear a zap.
A bolt of acid appears from out of thin air!
The bolt of acid hits you!!
* * * LOW HITPOINT WARNING * * *
You are splashed with acid!
You die...

#.. #.# #.# #.#
###### #.# ..S..#
#.#
####.####.#########
#...)..........##_#
..##.####.###..#@.##
# #.# #.###..{'._#
#.# #.#....#'.## ..#
#.#.#.<##_# #.####
#......#### ...#
#......#
...######.#...##
.........††...#
...#####......#.


There were no monsters in sight!

Vanquished Creatures
  Pikel (D:6)
  Sigmund (D:3)
  5 yaks (D:9)
  Edmund (D:6)
  Duvessa (D:4)
  An ice beast (D:7)
  An orc warrior (D:9)
  6 sky beasts
  A black bear (D:5)
  4 ogres
  2 necrophages
  2 phantoms (D:4)
  6 centaurs
  Dowan (D:4)
  3 scorpions
  6 killer bees
  5 wights (D:7)
  3 bullfrog zombies
  3 jellies
  4 hounds
  5 orc priests
  Jessica (D:6)
  5 iguanas
  4 orc wizards
  6 worker ants
  A hound zombie (D:5)
  2 hound skeletons
  2 howler monkey zombies (D:8)
  A worker ant zombie (D:3)
  3 gnolls (D:7)
  12 adders
  A shadow imp (D:7)
  3 white imps
  2 oozes (D:3)
  An adder zombie (D:8)
  2 adder skeletons
  2 worms
  2 dart slugs (D:1)
  8 leopard geckos
  18 orcs
  6 bats
  5 giant cockroaches
  8 goblins
  3 hobgoblins
  7 jackals
  13 kobolds
  2 quokkas
  A ball python skeleton (D:5)
  5 frilled lizards
  9 rats
197 creatures vanquished.

Vanquished Creatures (others)
  An orc wizard (D:4)
  An adder (D:9)
2 creatures vanquished.

Grand Total: 199 creatures vanquished

Notes
Turn   | Place    | Note
-------+----------+-------------------------------------------
     0 | D:1      | Gadfly the Gargoyle Fighter began the quest for the Orb.
     0 | D:1      | Reached XP level 1. HP: 14/14 MP: 1/1
   369 | D:1      | Reached XP level 2. HP: 19/19 MP: 2/2
   541 | D:1      | Reached skill level 1 in Invocations
   637 | D:1      | Reached XP level 3. HP: 23/23 MP: 3/3
   732 | D:1      | Reached skill level 1 in Evocations
  1243 | D:2      | Reached XP level 4. HP: 28/28 MP: 5/5
  2213 | D:3      | Reached XP level 5. HP: 32/32 MP: 6/6
  2318 | D:3      | Noticed Sigmund
  2330 | D:3      | Killed Sigmund
  2331 | D:3      | Reached XP level 6. HP: 37/38 MP: 6/8
  2440 | D:3      | Learned a level 1 spell: Summon Small Mammal
  2442 | D:3      | Learned a level 1 spell: Corona
  2616 | D:4      | Noticed a phantom
  2642 | D:4      | Killed a phantom
  2711 | D:4      | Noticed Duvessa
  2711 | D:4      | Noticed Dowan
  2743 | D:4      | Killed Dowan
  2744 | D:4      | Reached XP level 7. HP: 43/43 MP: 9/9
  2754 | D:4      | Killed Duvessa
  3625 | D:5      | Entered Level 5 of the Dungeon
  3851 | D:5      | Found a stormy altar of Qazlal.
  3869 | D:5      | Reached XP level 8. HP: 21/48 MP: 11/11
  4058 | D:5      | Found a shimmering altar of Xom.
  5339 | D:6      | Reached skill level 5 in Maces & Flails
  5339 | D:6      | Reached skill level 5 in Shields
  5364 | D:6      | Reached skill level 5 in Invocations
  5530 | D:6      | Reached skill level 5 in Armour
  5672 | D:6      | Noticed Edmund
  5686 | D:6      | Killed Edmund
  5687 | D:6      | Reached skill level 5 in Fighting
  5695 | D:6      | Reached XP level 9. HP: 50/54 MP: 13/13
  5987 | D:6      | Noticed Jessica
  5987 | D:6      | Noticed Pikel
  6007 | D:6      | Killed Pikel
  6008 | D:6      | Reached skill level 5 in Evocations
  6029 | D:6      | Killed Jessica
  6033 | D:6      | Found a shimmering blue altar of Sif Muna.
  6493 | D:7      | Found a staircase to the Ecumenical Temple.
  6501 | Temple   | Entered the Ecumenical Temple
  6706 | D:7      | Found a broken altar of Ashenzari.
  6993 | D:7      | Reached XP level 10. HP: 50/60 MP: 14/14
  8006 | D:8      | Found Araloeps's Assorted Antiques.
  8696 | D:9      | Found a white marble altar of Elyvilon.
  8696 | D:9      | Found a glowing silver altar of Zin.
  8696 | D:9      | Found a glowing golden altar of the Shining One.
  8719 | D:9      | Noticed Maurice
  8743 | D:9      | Became a worshipper of the Shining One
  8756 | D:9      | Splashed by Maurice's acid

Illustrated notes

Levels and vault maps discovered:
D:1:      heliophobic_arrival_enchanted_forest, layout_basic
D:2:      layout_loops_corners
D:3:      layout_rooms, uniq_sigmund
D:4:      layout_cave_pods, uniq_duvessa
D:5:      black_bear_nest_1, layout_basic, xom_teletrap_fun, lemuel_statue_altar
D:6:      layout_basic, tgw_sif, uniq_edmund, uniq_pikel
D:7:      layout_basic, ashenzari_conservatory_becter, minmay_temple_entry_trees
D:8:      layout_loops_ring, serial_shops, nicolae_shop_trees
D:9:      layout_loops_cross, good_gods_mini_temple, kennysheep_mini,
          grunt_temple_overflow_cloverleaf, uniq_joseph, uniq_maurice
Temple:   minmay_temple_bridge_abc

Skill      XL: |  1  2  3  4  5  6  7  8  9 10 |
---------------+-------------------------------+-----
Invocations    | 1 2 3 4 5 6 7 |  7.0
Evocations     | 1 2 3 4 5 6 |  6.9
Maces & Flails | 3 4 5 6 7 |  7.8
Shields        | 4 5 6 |  6.7
Fighting       | 4 5 6 |  6.6
Armour         | 4 5 6 |  6.6

Action                   |  1- 3 |  4- 6 |  7- 9 | 10-12 || total
-------------------------+-------+-------+-------+-------++-------
Melee: Flail             |   134 |   112 |   102 |    86 ||   434
       Dagger            |       |   102 |    72 |       ||   174
       Hand axe          |       |       |   227 |    52 ||   279
       Mace              |       |       |       |     7 ||     7
Evoke: Wand              |       |       |     2 |       ||     2
  Use: Scroll            |     4 |     4 |     9 |     2 ||    19
       Potion            |       |       |     2 |       ||     2
 Stab: Distracted        |       |       |       |     1 ||     1
Armor: Scale mail        |    80 |     1 |       |       ||    81
       Plate armour      |       |   177 |   286 |    78 ||   541
Dodge: Dodged            |    67 |    20 |    72 |    21 ||   180
Block: Kite shield       |    82 |   127 |   220 |    97 ||   526
